 Dungeon Crawl Stone Soup version 0.25.0-10-g039870ee82 (webtiles) character file.

Game seed: 14601454465162455232

8409 schauveau the Basher (level 11, -1/72 HPs)
             Began as a Gargoyle Monk on June 22, 2020.
             Was an Elder of Makhleb.
             Slain by a cyan ugly thing (7 damage)
             ... on level 9 of the Dungeon.
             The game lasted 00:25:31 (10115 turns).

schauveau the Basher (Gargoyle Monk)               Turns: 10115, Time: 00:25:32

Health: -1/72      AC: 25    Str: 19    XL:     11   Next: 30%
Magic:  11/11      EV:  7    Int: 10    God:    Makhleb [****..]
Gold:   573        SH:  0    Dex: 15    Spells: 10/10 levels left

rFire    . . .     SeeInvis .   a - +1 flail (drain)
rCold    . . .     Gourm    .   (no shield)
rNeg     + . .     Faith    .   K - +0 plate armour
rPois    ∞         Spirit   .   E - +0 helmet
rElec    +         Reflect  .   (no cloak)
rCorr    .         Harm     .   s - +1 pair of gloves {Dex+3}
MR       .....                  (no boots)
Stlth    ..........             (no amulet)
HPRegen  0.22/turn              (no ring)
MPRegen  0.12/turn              (no ring)

@: no status effects
A: negative energy resistance 1, electricity resistance, unbreathing,
petrification resistance, rot immunity, AC +8
a: Minor Destruction, Lesser Servant of Makhleb, Major Destruction, Renounce
Religion


You were on level 9 of the Dungeon.
You worshipped Makhleb.
Makhleb was greatly pleased with you.
You were not hungry.

You visited 2 branches of the dungeon, and saw 10 of its levels.

You collected 573 gold pieces.

Inventory:

Hand Weapons
 a - a +1 flail of draining (weapon)
 b - a +0 hunting sling
 A - the +1 whip of Green Blind Justice {pain, rPois Str+5}
   (You found it on level 5 of the Dungeon)

   In the hands of one skilled in necromantic magic, it inflicts extra damage on
   living creatures.
   It affects your strength (+5).
   It protects you from poison.
 C - the +2 long sword of Spontaneous Combustion {drain, +Inv rC+++ Str-2 Dex-2}
   (You found it on level 8 of the Dungeon)

   A truly terrible weapon, it drains the life of those it strikes.
   It affects your strength (-2).
   It affects your dexterity (-2).
   It renders you almost immune to cold.
   It lets you turn invisible.
 F - a cursed +4 morningstar
 J - a +0 dire flail
 R - the +1 hand crossbow of Ethereal Defence {flame, rF- rC++}
   (You found it on level 8 of the Dungeon)

   It causes projectiles fired from it to burn those they strike, causing extra
   injury to most foes and up to half again as much damage against particularly
   susceptible opponents.
   It makes you vulnerable to fire.
   It greatly protects you from cold.
Missiles
 e - 65 arrows
 f - 244 sling bullets
 g - 194 stones
 i - 32 poisoned darts
 z - 7 silver javelins (quivered)
Armour
 s - a +1 pair of gloves of dexterity (worn)
 u - the +5 ring mail of Mairoade {SInv}
   (You found it on level 4 of the Dungeon)

   It lets you see invisible.
 E - a +0 helmet (worn)
 K - a +0 plate armour (worn)
 L - the +6 plate armour of the Louse {*Corrode rF+ Dex+6}
   (You found it on level 6 of the Dungeon)

   It affects your dexterity (+6).
   It protects you from fire.
   It may corrode you when you take damage.
Jewellery
 p - an uncursed amulet of reflection
 I - an uncursed ring of positive energy
 N - an uncursed amulet of faith {unknown}
 O - an uncursed ring of wizardry {unknown}
Wands
 j - a wand of polymorph (10)
 n - a wand of clouds (1)
 r - a wand of random effects (15)
 y - a wand of digging (5)
Scrolls
 d - 2 scrolls of fear
 h - 2 scrolls of blinking
 l - 2 scrolls of enchant weapon
 v - a scroll of amnesia
 x - 2 scrolls of enchant armour
 D - 5 scrolls of teleportation
 G - 2 scrolls of magic mapping {unknown}
 M - a scroll of vulnerability {unknown}
 Q - a scroll of fog {unknown}
 T - a scroll of identify
Potions
 k - 3 potions of flight
 m - 4 potions of curing
 o - a potion of might {unknown}
 q - a potion of magic {unknown}
 t - 2 potions of ambrosia {unknown}
 w - a potion of degeneration {unknown}
 B - a potion of haste
 H - 3 potions of heal wounds
 P - 2 potions of invisibility {unknown}
 S - 2 potions of lignification {unknown}
Comestibles
 c - 22 rations
 U - 2 chunks of flesh


   Skills:
 + Level 9.7 Fighting
 * Level 12.6 Maces & Flails
 + Level 9.1 Armour
 - Level 2.4 Dodging
 - Level 2.1 Stealth


You had 10 spell levels left.
You didn't know any spells.
Your spell library contained the following spells:

 Spells                   Type           Power        Failure   Level  Hunger
 Animate Skeleton         Necr           N/A          100%        1    ##.....
 Apportation              Tloc           #.....       100%        1    ##.....
 Corona                   Hex            #......      100%        1    ##.....
 Summon Small Mammal      Summ           #...         100%        1    ##.....


Dungeon Overview and Level Annotations

Branches:
Dungeon (9/15)             Temple (1/1) D:5            Lair (0/6) D:9
    Orc (0/2) D:9

Altars:
Ashenzari
Cheibriados
Dithmenos
Elyvilon
Fedhas
Gozag
Hepliaklqana
Kikubaaqudgha
Makhleb
Nemelex Xobeh
Okawaru
Qazlal
Ru
Sif Muna
Trog
Uskayaw
Vehumet
Wu Jian
Xom
Yredelemnul
Zin
The Shining One


Innate Abilities, Weirdness & Mutations

You are resistant to torment.
Your stone body is resilient. (AC +8)
You are immune to poison.
You resist negative energy. (rN+)
You are resistant to electric shocks. (rElec)
You can survive without breathing.
You are immune to petrification.
You are immune to rotting.


Message History

The cyan ugly thing tail-slaps you. The cyan ugly thing shocks you. You resist.
Things that are here:
a +0 giant club; a +0 giant spiked club; a two-headed ogre corpse The cyan ugly thing tail-slaps you but does no damage.
You closely miss the cyan ugly thing. The cyan ugly thing tail-slaps you!
* * * LOW HITPOINT WARNING * * *
The cyan ugly thing shocks you. You resist.
* * * LOW HITPOINT WARNING * * *
You sock the cyan ugly thing! You drain the cyan ugly thing.
The cyan ugly thing is moderately wounded.
You hit the cyan ugly thing but do no damage.
The cyan ugly thing is moderately wounded.
The cyan ugly thing tail-slaps you!
* * * LOW HITPOINT WARNING * * *
The cyan ugly thing shocks you. You resist.
* * * LOW HITPOINT WARNING * * *
You sock the cyan ugly thing! You drain the cyan ugly thing.
The cyan ugly thing is heavily wounded.
The cyan ugly thing tail-slaps you!
You die...

#......#
####......#
#.........#
#.........#
#.........#
#.....[...##
#...u.......
#..)@...#
#####...+
#......'
#...+
#F..>..#
###.#
#.F....# #.#
#......# #.#
#......# #.#
#......# #.#
#......# #.#
#......)


You could see a cyan ugly thing (drained).

Vanquished Creatures
  3 two-headed ogres
  Pikel (D:8)
  Maggie (D:8)
  A hornet (D:9)
  Sigmund (D:5)
  7 yaks
  A human (D:7)
  3 hungry ghosts (D:9)
  Grum (D:9)
  3 hogs (D:7)
  Menkaure (D:4)
  3 two-headed ogre zombies (D:9)
  An orc warrior (D:6)
  A sky beast (D:6)
  A slave (D:8)
  2 phantoms
  4 ice beasts
  2 ogres (D:5)
  2 wolves (D:8)
  A centaur (D:9)
  A gnoll sergeant (D:8)
  3 bullfrogs
  A scorpion (D:6)
  2 troll zombies (D:9)
  4 wights (D:7)
  A howler monkey (D:5)
  6 crimson imps
  A centaur zombie (D:6)
  3 hounds
  3 orc priests
  A bullfrog skeleton (D:5)
  3 jellies
  3 orc wizards
  A gnoll shaman (D:6)
  Ijyb (D:3)
  A worker ant (D:4)
  6 iguanas
  A killer bee zombie (D:5)
  2 ogre zombies (D:9)
  A hound skeleton (D:4)
  Robin (D:2)
  5 adders
  6 gnolls
  An ooze (D:3)
  3 adder zombies
  An adder skeleton (D:6)
  3 worms
  2 dart slugs (D:2)
  5 leopard geckos
  13 orcs
  11 bats
  6 giant cockroaches
  15 goblins
  9 hobgoblins
  8 jackals
  10 kobolds
  2 quokkas
  2 ball pythons (D:4)
  4 frilled lizards
  A goblin skeleton (D:9)
  3 goblin zombies (D:9)
  2 hobgoblin skeletons (D:9)
  A hobgoblin zombie (D:9)
  3 leopard gecko zombies
  3 orc skeletons (D:9)
  9 orc zombies (D:9)
  A quokka skeleton (D:8)
  A quokka zombie (D:5)
  5 rats
221 creatures vanquished.

Notes
Turn   | Place    | Note
-------+----------+-------------------------------------------
     0 | D:1      | schauveau the Gargoyle Monk began the quest for the Orb.
     0 | D:1      | Reached XP level 1. HP: 14/14 MP: 1/1
   184 | D:1      | Reached XP level 2. HP: 19/19 MP: 2/2
   652 | D:2      | Reached skill level 1 in Armour
   652 | D:2      | Reached XP level 3. HP: 17/23 MP: 3/3
   969 | D:3      | Reached skill level 4 in Maces & Flails
  1194 | D:4      | Reached XP level 4. HP: 27/29 MP: 4/4
  1275 | D:4      | Noticed a bullfrog
  1293 | D:4      | Killed a bullfrog
  1293 | D:4      | Reached XP level 5. HP: 10/33 MP: 5/5
  1547 | D:5      | Entered Level 5 of the Dungeon
  1553 | D:5      | Noticed an ogre
  1906 | D:4      | Noticed Menkaure
  1928 | D:4      | Killed Menkaure
  1928 | D:4      | Reached skill level 5 in Maces & Flails
  1928 | D:4      | Reached XP level 6. HP: 22/38 MP: 6/6
  2201 | D:4      | Got a crude ring mail
  2212 | D:4      | Identified the +5 ring mail of Mairoade {SInv} (You found
                  | it on level 4 of the Dungeon)
  2484 | D:4      | Reached skill level 6 in Maces & Flails
  2692 | D:4      | Found a glowing silver altar of Zin.
  2839 | D:5      | Noticed an ice beast
  3190 | D:3      | Noticed Ijyb
  3209 | D:3      | Killed Ijyb
  3211 | D:3      | Reached XP level 7. HP: 44/44 MP: 7/7
  3677 | D:2      | Found a snail-covered altar of Cheibriados.
  3682 | D:2      | Noticed Robin
  3949 | D:2      | Killed Robin
  4735 | D:5      | Reached skill level 7 in Maces & Flails
  5064 | D:5      | Reached skill level 5 in Fighting
  5092 | D:5      | Found the amulet of the Air {Inacc +Fly rElec EV+5 RMsl}
  5291 | D:5      | Found a staircase to the Ecumenical Temple.
  5301 | Temple   | Entered the Ecumenical Temple
  5353 | Temple   | Became a worshipper of Makhleb the Destroyer
  5353 | Temple   | Reached * piety under Makhleb
  5353 | Temple   | Reached ** piety under Makhleb
  5426 | D:5      | Reached XP level 8. HP: 31/49 MP: 8/8
  5709 | D:5      | Noticed Sigmund
  5862 | D:5      | Got a masterwork whip
  6048 | D:5      | Killed Sigmund
  6048 | D:5      | Reached skill level 8 in Maces & Flails
  6922 | D:6      | Noticed a two-headed ogre
  6946 | D:6      | Killed a two-headed ogre
  6946 | D:6      | Reached skill level 9 in Maces & Flails
  6946 | D:6      | Reached skill level 5 in Armour
  6946 | D:6      | Reached XP level 9. HP: 49/56 MP: 9/9
  7176 | D:6      | Found a shimmering blue altar of Sif Muna.
  7381 | D:6      | Got a polished plate armour
  7392 | D:6      | Identified the +6 plate armour of the Louse {*Corrode rF+
                  | Dex+6} (You found it on level 6 of the Dungeon)
  7694 | D:7      | Reached skill level 10 in Maces & Flails
  7843 | D:7      | Reached XP level 10. HP: 64/64 MP: 10/10
  8383 | D:8      | Reached *** piety under Makhleb
  8461 | D:8      | Reached skill level 11 in Maces & Flails
  8499 | D:8      | Noticed Maggie
  8519 | D:8      | Killed Maggie
  8591 | D:8      | Got a fading hand crossbow
  8595 | D:8      | Found a basalt altar of Yredelemnul.
  8606 | D:8      | Identified the +1 whip of Green Blind Justice {pain, rPois
                  | Str+5} (You found it on level 5 of the Dungeon)
  8607 | D:8      | Identified the +1 hand crossbow of Ethereal Defence {flame,
                  | rF- rC++} (You found it on level 8 of the Dungeon)
  8823 | D:8      | Noticed Pikel
  8824 | D:8      | Found a sparkling altar of Nemelex Xobeh.
  8848 | D:8      | Killed Pikel
  8882 | D:8      | Got a bloodstained long sword
  9011 | D:8      | Identified the +2 long sword of Spontaneous Combustion
                  | {drain, +Inv rC+++ Str-2 Dex-2} (You found it on level 8 of
                  | the Dungeon)
  9133 | D:9      | Noticed Grum
  9393 | D:9      | Killed Grum
  9393 | D:9      | Reached skill level 12 in Maces & Flails
  9486 | D:9      | Reached **** piety under Makhleb
  9503 | D:9      | Found a staircase to the Orcish Mines.
  9565 | D:9      | Reached XP level 11. HP: 30/71 MP: 11/11
  9816 | D:9      | Noticed a two-headed ogre
  9827 | D:9      | Killed a two-headed ogre
  9975 | D:9      | Found a staircase to the Lair.
  9981 | D:9      | Found a shattered altar of Ashenzari.
 10100 | D:9      | Noticed a two-headed ogre
 10101 | D:9      | Noticed a cyan ugly thing
 10109 | D:9      | Killed a two-headed ogre
 10115 | D:9      | Slain by a cyan ugly thing

Illustrated notes

Levels and vault maps discovered:
D:1:      lightli_arrival_chessboard, layout_loops_ring
D:2:      layout_rooms, lemuel_crystal_altar, uniq_robin
D:3:      layout_rooms, gup_sewer_entry_pipe, chequers_serial_rivers_micro_b,
          uniq_ijyb
D:4:      layout_rooms, zin_treasury, uniq_menkaure
D:5:      layout_rooms, minmay_temple_entry_ruins, first_ration, uniq_sigmund
D:6:      layout_loops_ring, lemuel_crystal_altar, minmay_fractal_squares_5
D:7:      layout_loops_ring, grunt_livestock
D:8:      layout_rooms, nemelex_xobeh_ov_fountains_minmay,
          yredelemnul_altar_generic, uniq_maggie, uniq_pikel
D:9:      layout_irregular_city, overflow_temple_1_default, lair_entry_dummy,
          zombieorc2_lemuel, uniq_grum
Temple:   lightli_temple_of_artemis

Skill      XL: |  1  2  3  4  5  6  7  8  9 10 11 |
---------------+----------------------------------+-----
Armour         | 1 2 3 5 6 8 9 |  9.1
Maces & Flails | 4 5 6 7 9 10 12 | 12.6
Fighting       | 4 5 6 7 9 |  9.7
Dodging        | |  2.4
Stealth        | |  2.1

Action                   |  1- 3 |  4- 6 |  7- 9 | 10-12 || total
-------------------------+-------+-------+-------+-------++-------
Melee: Mace              |   112 |   149 |   288 |       ||   549
       Flail             |       |       |   150 |   292 ||   442
       Dire flail        |       |       |    94 |   101 ||   195
 Fire: Hunting sling     |       |       |     5 |       ||     5
Throw: Stone             |       |       |       |     5 ||     5
  Use: Scroll            |     5 |     3 |     5 |     3 ||    16
       Potion            |       |     2 |     1 |       ||     3
 Stab: Sleeping          |     1 |       |       |       ||     1
  Eat: Ration            |     1 |     1 |     1 |     2 ||     5
       Chunk             |       |     2 |    11 |     9 ||    22
Armor: Robe              |    56 |    10 |       |       ||    66
       Ring mail         |       |    58 |   207 |       ||   265
       Plate armour      |       |       |    61 |   362 ||   423
Dodge: Dodged            |    94 |   108 |   292 |   156 ||   650
